Map: Sentinel CE

Players

Racheengel

  • Race: Protoss Protoss
  • Spawn Location: 12:00

Raff

  • Race: Terran Terran
  • League: Silver
  • Spawn Location: 9:00

Smily

  • Race: Protoss Protoss
  • Spawn Location: 9:00

Wlodziu - Winner!

  • Race: Zerg Zerg
  • Spawn Location: 6:00

Iceberg - Winner!

  • Race: Protoss Protoss
  • Spawn Location: 5:00

Leon - Winner!

  • Race: Zerg Zerg
  • League: Gold
  • Spawn Location: 5:00

VOD

Have the link to the VOD?

Description

Time

  • Played on: March 21, 2026, 4:43 p.m.
  • Length: 7:55
Show
View Real Time Build Order
Export as new Build Order

Racheengel Protoss 

Build Orders: Double Forge 

Get SALT Encoding   

  12  0:01  Probe  
  13  0:13  Probe  
  14  0:22  Pylon  
  14  0:25  Probe  
  15  0:40  Probe  
  15  0:42  Assimilator  
  16  0:52  Probe  
  16  0:53  Gateway  
  17  0:57  Assimilator  
  17  1:03  Probe  
  18  1:11  Probe  
  19  1:19  Probe  
  20  1:28  Probe  
  21  1:36  Probe  
  21  1:43  Cybernetics Core  
  22  1:55  Nexus  
  22  2:05  Probe  
  22  2:06  Pylon  
  23  2:24  Robotics Facility  
  23  2:28  Warp Gate  
  23  2:31  Gateway  
  23  2:41  Stalker  
  23  2:45  Assimilator  
  25  2:53  Pylon  
  25  2:57  Assimilator  
  25  3:03  Probe  
  25  3:05  Pylon  
  26  3:17  Forge  
  26  3:19  Probe  
  26  3:22  Probe  
  28  3:31  Probe x2, Observer  
  31  3:43  Forge  
  31  3:48  Pylon  
  31  4:00  Pylon  
  31  4:02  Pylon  
  31  4:08  Probe  
  31  4:13  Gateway  
  31  4:17  Probe  
  33  4:25  Photon Cannon  
  33  4:26  Probe  
  34  4:38  Probe  
  34  4:41  Pylon  
  34  4:43  Gateway  
  35  4:52  Stalker x2  
  16  5:14  Zealot  
  16  5:16  Probe  
  18  5:28  Probe  
  18  5:32  Zealot  
  18  5:33  Zealot  
  22  5:35  Probe  
  22  5:37  Probe  
  24  5:44  Probe  
  24  5:45  Probe  
  24  5:53  Probe  
  24  5:54  Probe  
  21  6:02  Zealot  
  21  6:03  Zealot  
  24  6:06  Probe x2  
  26  6:18  Probe  
  8  6:35  Stalker x2  
  8  6:36  Stalker  
  14  6:46  Probe  
  15  6:59  Probe  
  12  7:17  Probe  
  13  7:33  Probe  
Show
View Real Time Build Order
Export as new Build Order

Raff Terran 

Build Orders:  

Get SALT Encoding   

  12  0:01  SCV  
  13  0:16  SCV  
  14  0:34  SCV  
  15  0:36  Supply Depot  
  15  0:58  SCV  
  15  1:03  Barracks  
  16  1:10  SCV  
  17  1:18  Command Center  
  17  1:22  SCV  
  18  1:26  Refinery  
  18  1:43  SCV  
  18  1:44  Barracks  
  19  1:58  Bunker  
  19  1:59  Marine  
  20  2:05  SCV  
  20  2:16  Engineering Bay  
  20  2:17  Marine  
  21  2:30  Supply Depot  
  21  2:41  Barracks Tech Lab  
  21  2:45  Supply Depot  
  21  3:02  SCV  
  22  3:07  Barracks  
  22  3:11  Terran Infantry Weapons Level 1  
  22  3:14  SCV  
  23  3:26  SCV  
  24  3:31  Stimpack  
  24  3:33  Barracks  
  24  3:45  Orbital Command  
  23  3:51  Refinery  
  23  3:57  Marine  
  23  4:02  Marauder  
  26  4:15  Marine  
  27  4:21  Marine  
  28  4:30  Barracks Tech Lab  
  28  4:39  Marine  
  28  4:43  Marauder  
  28  4:44  Marine  
  32  5:02  Marine  
  32  5:05  Marauder  
  29  5:13  Combat Shield  
  25  5:20  Marine, Marauder  
  18  5:22  Marine  
  19  5:38  Marine  
  19  5:40  Marine  
  19  5:42  Marauder  
  22  5:57  Marine  
  19  6:08  Marine  
  19  6:10  Marauder  
  17  6:21  SCV  
  14  6:25  Marine  
  15  6:33  SCV  
  16  6:45  SCV  
  17  6:55  SCV  
Show
View Real Time Build Order
Export as new Build Order

Smily Protoss 

Build Orders:  

Get SALT Encoding   

  12  0:06  Probe  
  13  0:26  Pylon  
  13  0:28  Probe  
  13  0:30  Assimilator  
  14  0:36  Probe  
  15  0:45  Probe  
  15  0:49  Gateway  
  16  0:57  Probe  
  17  1:06  Probe  
  17  1:08  Assimilator  
  18  1:14  Probe  
  18  1:23  Probe  
  18  1:24  Forge  
  20  1:35  Probe  
  20  1:39  Cybernetics Core  
  21  1:47  Probe  
  22  2:00  Probe  
  23  2:14  Nexus  
  23  2:34  Pylon  
  23  2:42  Stargate  
  23  2:45  Protoss Shields Level 1  
  23  2:53  Probe  
  24  3:05  Probe  
  25  3:12  Pylon  
  25  3:15  Pylon  
  25  3:17  Probe  
  26  3:29  Probe  
  27  3:35  Photon Cannon  
  27  3:36  Photon Cannon  
  27  3:40  Photon Cannon  
  27  3:47  Photon Cannon  
  27  3:56  Shield Battery  
  27  4:03  Shield Battery  
  27  4:07  Probe  
  28  4:15  Probe  
  28  4:20  Void Ray  
  28  4:23  Probe  
  34  4:34  Probe  
  35  4:42  Pylon  
  35  4:43  Pylon  
  35  4:46  Probe  
  40  5:12  Void Ray  
  40  5:13  Stargate  
  8  6:43  Probe  
  9  7:25  Nexus  
  9  7:29  Gateway  
Show
View Real Time Build Order
Export as new Build Order

Wlodziu Zerg - Winner!

Build Orders: Hatch First 

Get SALT Encoding   

  12  0:00  Drone  
  13  0:10  Drone  
  14  0:19  Extractor, Drone  
  15  0:28  Overlord  
  15  0:50  Drone  
  15  0:51  Drone  
  15  0:55  Extractor, Hatchery  
  15  0:56  Drone  
  16  1:13  Spawning Pool  
  16  1:16  Drone  
  16  1:20  Drone  
  17  1:30  Drone  
  18  1:34  Drone  
  19  1:46  Drone  
  20  2:12  Queen  
  22  2:17  Drone  
  22  2:18  Drone x3  
  22  2:20  Queen  
  28  2:43  Metabolic Boost  
  28  2:51  Overlord x3  
  28  3:11  Zergling x2  
  28  3:12  Zergling x8  
  33  3:18  Hatchery  
  32  3:25  Overlord  
  32  3:26  Zergling x10  
  37  3:35  Zergling x8  
  41  3:49  Zergling x6  
  44  4:03  Zergling x4  
  44  4:04  Zergling x6  
  48  4:14  Zergling x8  
  52  4:29  Drone x2  
  54  4:31  Queen  
  56  5:02  Drone  
  56  5:03  Drone x11  
  65  5:09  Extractor x2  
  61  5:35  Spore Crawler  
  59  5:41  Spore Crawler  
  59  5:42  Spore Crawler  
  56  5:43  Spore Crawler  
  55  5:50  Drone x10, Spore Crawler x2  
  55  5:51  Drone x3  
  60  6:30  Extractor  
  59  6:36  Lair  
  59  6:40  Evolution Chamber  
  59  6:43  Evolution Chamber  
  59  6:44  Extractor  
  54  6:47  Extractor  
  43  7:38  Hydralisk Den  
Show
View Real Time Build Order
Export as new Build Order

Iceberg Protoss - Winner!

Build Orders:  

Get SALT Encoding   

  12  0:00  Probe  
  13  0:12  Probe  
  14  0:18  Pylon  
  14  0:24  Probe  
  15  0:33  Probe  
  15  0:41  Probe  
  17  0:51  Probe  
  18  1:08  Nexus  
  18  1:09  Probe  
  19  1:17  Probe  
  19  1:25  Probe  
  21  1:35  Probe  
  22  1:48  Nexus, Probe  
  23  2:06  Pylon  
  23  2:12  Assimilator x2  
  23  2:19  Probe  
  23  2:21  Gateway, Probe  
  24  2:29  Probe  
  25  2:31  Probe  
  27  2:39  Probe  
  27  2:40  Assimilator  
  27  2:43  Probe  
  29  2:44  Assimilator  
  29  2:52  Probe  
  29  2:55  Probe  
  31  3:04  Probe  
  32  3:08  Probe x2  
  34  3:13  Cybernetics Core  
  34  3:16  Probe  
  35  3:20  Probe x2  
  37  3:27  Pylon  
  37  3:28  Probe  
  37  3:32  Probe x2  
  41  3:41  Probe  
  41  3:42  Assimilator  
  41  3:44  Probe  
  41  3:46  Assimilator  
  42  3:50  Stargate  
  42  3:51  Stargate  
  42  3:57  Probe  
  42  3:58  Probe x2  
  45  4:10  Protoss Air Weapons Level 1  
  46  4:17  Probe x3  
  48  4:29  Probe x3  
  59  4:40  Void Ray  
  59  4:41  Probe  
  59  4:42  Fleet Beacon, Void Ray  
  60  4:54  Probe x3, Pylon  
  60  4:57  Pylon  
  63  5:10  Stargate  
  63  5:14  Stargate  
  63  5:16  Probe x3, Flux Vanes  
  66  5:35  Cybernetics Core  
  66  5:37  Forge  
  66  5:42  Probe x3  
  77  5:45  Void Ray  
  77  5:46  Void Ray  
  77  5:54  Pylon, Probe x3  
  77  5:56  Pylon  
  80  5:58  Pylon  
  88  6:21  Probe x3, Void Ray  
  88  6:23  Void Ray  
  91  6:32  Void Ray  
  99  6:33  Probe x2  
  99  6:36  Void Ray  
  101  6:51  Nexus  
  101  6:54  Assimilator  
  101  6:57  Stargate  
  101  6:58  Assimilator  
  101  7:00  Stargate  
  101  7:02  Pylon  
  109  7:15  Void Ray  
  109  7:16  Void Ray  
  109  7:20  Pylon x2  
  109  7:22  Pylon x2  
  113  7:23  Pylon  
  113  7:28  Probe x2  
  113  7:29  Probe  
Show
View Real Time Build Order
Export as new Build Order

Leon Zerg - Winner!

Build Orders: Pool First 

Get SALT Encoding   

  12  0:01  Drone  
  13  0:16  Overlord  
  13  0:21  Drone  
  14  0:34  Drone x2  
  16  0:38  Drone  
  17  0:48  Spawning Pool  
  17  0:49  Drone  
  17  0:56  Extractor  
  16  1:00  Drone  
  17  1:15  Drone  
  18  1:26  Hatchery  
  17  1:39  Zergling x2  
  19  1:40  Zergling x2  
  20  1:54  Zergling x4  
  21  2:04  Drone  
  22  2:14  Overlord  
  22  2:34  Metabolic Boost  
  24  2:45  Queen  
  24  2:48  Queen  
  26  2:54  Zergling x10  
  31  3:13  Zergling x6  
  31  3:17  Overlord  
  34  3:26  Zergling x2  
  35  3:30  Zergling x2  
  36  3:55  Zergling x2  
  36  3:56  Zergling x14  
  43  4:10  Overlord  
  43  4:11  Overlord  
  43  4:31  Zergling x10  
  48  5:03  Zergling x14  
  53  5:26  Overlord x3  
  35  6:20  Drone  
  35  6:21  Drone x5  
  29  7:01  Drone x6  
  34  7:14  Hatchery  
  33  7:23  Extractor  
  33  7:24  Extractor  
  31  7:38  Extractor  
Tags
 
Add a new tag
Caveats
  • Supply blocks, unpowered buildings, or Contaminate may cause inaccurate times.
  • Supply counts are checked every 10 seconds.